 Dungeon Crawl Stone Soup version 0.23.0 (webtiles) character file.

Game seed: 9967325452881654420

1064 poirepourri the Cleaver (level 8, -6/64 HPs)
             Began as a Minotaur Fighter on Feb 16, 2019.
             Was a Follower of Okawaru.
             Killed by divine providence
             ... invoked by an orc priest
              (12 damage)
             ... on level 7 of the Dungeon.
             The game lasted 00:04:17 (4220 turns).

poirepourri the Cleaver (Minotaur Fighter)          Turns: 4220, Time: 00:04:18

Health: -6/64      AC:  8    Str: 21    XL:     8   Next: 6%
Magic:  7/7        EV: 12    Int:  5    God:    Okawaru [*.....]
Gold:   137        SH: 10    Dex: 17    Spells: 7/7 levels left

rFire    . . .     SeeInvis +   r - +9 morningstar of Growth {crush, rC++}
rCold    + + .     Gourm    .   k - +0 shield
rNeg     . . .     Faith    .   b - +0 scale mail
rPois    .         Spirit   .   o - +0 hat
rElec    .         Reflect  .   (no cloak)
rCorr    .         Harm     .   u - +0 pair of gloves
MR       +....                  (no boots)
Stlth    +.........             (no amulet)
HPRegen  0.20/turn              e - ring of see invisible
MPRegen  0.10/turn              t - ring of protection from magic

@: agile, lethally poisoned (-6 -> -7)
A: retaliatory headbutt, horns 2
a: Heroism, Renounce Religion


You were on level 7 of the Dungeon.
You worshipped Okawaru.
Okawaru was aware of your devotion.
You were full.

You visited 2 branches of the dungeon, and saw 7 of its levels.

You collected 137 gold pieces.

Inventory:

Hand Weapons
 a - a +0 war axe
 r - the +9 morningstar of Growth (weapon) {crush, rC++}
   (You found it on level 4 of the Dungeon)

   It inflicts extra damage upon your enemies.
   It greatly protects you from cold.
Missiles
 d - a throwing net (quivered)
Armour
 b - a +0 scale mail (worn)
 j - +0 ice dragon scales
 k - a +0 shield (worn)
 o - a +0 hat (worn)
 u - a +0 pair of gloves (worn)
Jewellery
 e - a ring of see invisible (left hand)
 t - a ring of protection from magic (right hand)
Potions
 g - 2 potions of agility
 h - a potion of berserk rage
 i - 5 potions of curing
 l - 2 potions of heal wounds
 m - 2 potions of degeneration
 n - a potion of ambrosia
 p - 2 potions of lignification
 s - a potion of brilliance {unknown}
Comestibles
 f - 5 rations


   Skills:
 - Level 3.6 Fighting
 + Level 11.3 Axes
 - Level 3.6 Armour
 - Level 3.6 Shields


You had 7 spell levels left.
You didn't know any spells.
Your spell library contained the following spells:

 Spells                   Type           Power        Failure   Level  Hunger
 Animate Skeleton         Necr           N/A          99%         1    ##.....
 Apportation              Tloc           #.....       99%         1    ##.....
 Confusing Touch          Hex            #.....       99%         1    ##.....
 Summon Small Mammal      Summ           #...         99%         1    ##.....


Dungeon Overview and Level Annotations

Branches:
Dungeon (5/15)             Temple (1/1) D:4

Altars:
Ashenzari
Cheibriados
Dithmenos
Elyvilon
Fedhas
Gozag
Hepliaklqana
Kikubaaqudgha
Makhleb
Nemelex Xobeh
Okawaru
Qazlal
Ru
Sif Muna
Trog
Uskayaw
Vehumet
Wu Jian
Xom
Yredelemnul
Zin
The Shining One


Innate Abilities, Weirdness & Mutations

You reflexively headbutt those who attack you in melee.
You have a pair of horns on your head.


Message History

You are too injured to fight recklessly!
You are too injured to fight recklessly!
You are too injured to fight recklessly!
You are too injured to fight recklessly!
You are too injured to fight recklessly!
Unknown command.
You sock the ogre!
You headbutt the ogre, but do no damage.
The ogre is heavily wounded.
You feel sick.
You block the centaur warrior zombie's attack.
The orc priest hits you but does no damage.
The ogre hits you with a cursed -1 giant club!
* * * LOW HITPOINT WARNING * * *
You block the centaur warrior zombie's attack.
The orc barely misses you. You furiously retaliate!
You headbutt the orc, but do no damage.
The orc priest calls down the wrath of Beogh upon you.
Beogh smites you!
You die...

#### ....#
.....#
#.....#
#......##
#.....oo##
#.....Z@.#
##....SO.#
###......#
#######..+
#######..+
###......#
##.......#
#........#
.......##


You could see an ogre, an orc priest, an adder, an orc and a centaur warrior
zombie.

Vanquished Creatures
  Edmund (D:4)
  An ogre (D:3)
  A phantom (D:3)
  2 scorpions (D:4)
  3 hounds
  2 bullfrog skeletons
  2 orc priests (D:4)
  2 iguanas
  Jessica (D:2)
  3 orc wizards
  3 worker ants
  A worker ant zombie (D:5)
  Robin (D:2)
  7 gnolls (D:4)
  6 adders
  An adder skeleton (D:5)
  2 worms
  A dart slug (D:2)
  2 leopard geckos (D:3)
  12 orcs
  3 giant cockroaches
  13 goblins
  6 hobgoblins
  15 jackals
  3 quokkas
  2 ball pythons (D:3)
  6 bats
  2 frilled lizards
  3 kobolds
  5 rats
112 creatures vanquished.

Notes
Turn   | Place    | Note
-------+----------+-------------------------------------------
     0 | D:1      | poirepourri the Minotaur Fighter began the quest for the
                  | Orb.
     0 | D:1      | Reached XP level 1. HP: 19/19 MP: 0/0
   243 | D:1      | Reached skill level 3 in Axes
   447 | D:1      | Reached XP level 2. HP: 22/26 MP: 1/1
   711 | D:2      | Noticed Jessica
   715 | D:2      | Killed Jessica
   715 | D:2      | Reached skill level 4 in Axes
   715 | D:2      | Reached XP level 3. HP: 26/31 MP: 2/2
   984 | D:2      | Reached skill level 5 in Axes
  1059 | D:2      | Reached XP level 4. HP: 39/39 MP: 3/3
  1354 | D:2      | Identified the cursed +0 helmet of Love and Death {+Fly
                  | Str+3}
  1354 | D:2      | Noticed Robin
  1369 | D:2      | Killed Robin
  1435 | D:3      | Noticed an ogre
  1447 | D:3      | Killed an ogre
  1447 | D:3      | Reached skill level 6 in Axes
  1447 | D:3      | Reached XP level 5. HP: 27/45 MP: 4/4
  1640 | D:3      | Reached skill level 7 in Axes
  1733 | D:3      | Noticed a phantom
  1759 | D:3      | Killed a phantom
  1759 | D:3      | Reached XP level 6. HP: 33/51 MP: 5/5
  2250 | D:4      | Reached skill level 8 in Axes
  2552 | D:4      | Found a staircase to the Ecumenical Temple.
  2570 | D:4      | Reached skill level 9 in Axes
  2591 | Temple   | Entered the Ecumenical Temple
  2724 | Temple   | Became a worshipper of Warmaster Okawaru
  2764 | D:4      | Reached XP level 7. HP: 45/57 MP: 6/6
  2890 | D:4      | Got a dazzling morningstar
  2891 | D:4      | Identified the +9 morningstar of Growth {crush, rC++} (You
                  | found it on level 4 of the Dungeon)
  3061 | D:4      | Reached skill level 10 in Axes
  3312 | D:4      | Noticed Edmund
  3321 | D:4      | Killed Edmund
  3622 | D:4      | Found a deep blue altar of Sif Muna.
  4037 | D:5      | Entered Level 5 of the Dungeon
  4059 | D:5      | Found a stormy altar of Qazlal.
  4092 | D:5      | Reached skill level 11 in Axes
  4132 | D:5      | Reached XP level 8. HP: 64/64 MP: 7/7
  4211 | D:5      | You fall through a shaft for 2 floors!
  4215 | D:7      | Reached * piety under Okawaru
  4220 | D:7      | Killed from afar by an orc priest

Skill      XL: |  1  2  3  4  5  6  7 |
---------------+----------------------+-----
Axes           | 3 4 5 6 7 9 11 | 11.3
Fighting       | |  3.6
Armour         | |  3.6
Shields        | |  3.6

Action                   |  1- 3 |  4- 6 |  7- 9 || total
-------------------------+-------+-------+-------++-------
Melee: War axe           |    63 |   112 |    18 ||   193
       Headbutt          |     9 |    24 |    13 ||    46
       Morningstar       |       |       |    65 ||    65
  Use: Scroll            |     7 |     3 |     5 ||    15
       Potion            |       |     3 |     1 ||     4
  Eat: Ration            |       |     2 |     2 ||     4
       Chunk             |       |     2 |       ||     2
Armor: Scale mail        |    30 |    40 |    29 ||    99
Dodge: Dodged            |    16 |    30 |    20 ||    66
Block: Shield            |    37 |    64 |    46 ||   147
